 Dungeon Crawl Stone Soup version 0.30-a0-782-ge64f9170bb (webtiles) character file.

Game seed: 12595681924592333978

1380 Farfigtubin the Covert (level 8, -17/49 HPs)
             Began as a Kobold Brigand on Feb 18, 2023.
             Was an Initiate of Dithmenos.
             Demolished by a komodo dragon (23 damage)
             ... on level 7 of the Dungeon.
             The game lasted 01:21:18 (7399 turns).

Farfigtubin the Covert (Kobold Brigand)             Turns: 7399, Time: 01:21:18

Health: -17/49     AC:  7    Str:  8    XL:     8   Next: 99%
Magic:  8/8        EV: 23    Int: 12    God:    Dithmenos [......]
Gold:   410        SH:  0    Dex: 19    Spells: 7/7 levels left

rFire   . . .      SeeInvis .    h - +2 dagger (speed)
rCold   . . .      Faith    +    (no shield)
rNeg    . . .      Spirit   .    b - +0 robe
rPois   .          Reflect  .    v - +2 helmet
rElec   .          Harm     .    c - +0 cloak
rCorr   .          Rampage  .    u - +0 pair of gloves
Will    .....                    (no boots)
Stlth   +++++                    r - amulet of faith
HPRegen 0.28/turn                L - +5 ring of evasion
MPRegen 0.11/turn                (no ring)

@: no status effects
A: small, no large weapons, nightstalker 3
a: Renounce Religion


You were on level 7 of the Dungeon.
You worshipped Dithmenos.
Dithmenos was noncommittal.
You visited 2 branches of the dungeon, and saw 8 of its levels.
You also visited: Ossuary.

You collected 410 gold pieces.

Inventory:

Hand Weapons
 a - a +2 dagger
 h - a +2 dagger of speed (weapon)
 M - the +3 dagger of Ravage {elec, rC+ rN++ MP-9 Int+2}
   (You found it on level 7 of the Dungeon)

   Int:       It affects your intelligence (+2).
   rC:        It protects you from cold.
   rN:        It greatly protects you from negative energy.
   MP:        It affects your magic capacity (-9).
Missiles
 d - 5 poisoned darts (quivered)
 e - 6 curare-tipped darts
 g - 61 stones
Armour
 b - a +0 robe (worn)
 c - a +0 cloak (worn)
 u - a +0 pair of gloves (worn)
 v - a +2 helmet (worn)
Magical Staves
 p - a staff of fire
Jewellery
 i - a ring of flight
 r - an amulet of faith (around neck)
 L - a +5 ring of evasion (left hand)
Wands
 B - a wand of polymorph (8)
 F - a wand of quicksilver (6)
 G - a wand of paralysis (11)
 J - a wand of flame (21)
 K - a wand of iceblast (7)
Scrolls
 f - a scroll of amnesia {unknown}
 j - a scroll of immolation {unknown}
 k - 2 scrolls of enchant weapon {unknown}
 l - 5 scrolls of teleportation {unknown}
 m - 5 scrolls of fog {unknown}
 o - a scroll of noise {unknown}
 s - a scroll of poison {unknown}
 t - 4 scrolls of identify {unknown}
 x - a scroll of brand weapon {unknown}
 y - 4 scrolls of vulnerability {unknown}
 C - a scroll of enchant armour {unknown}
Potions
 n - a potion of brilliance {unknown}
 q - 2 potions of curing {unknown}
 w - a potion of degeneration {unknown}
 z - 2 potions of resistance {unknown}
 A - a potion of lignification {unknown}
 D - a potion of magic {unknown}
 E - a potion of might {unknown}
 H - a potion of ambrosia {unknown}
 I - a potion of heal wounds {unknown}


   Skills:
 + Level 5.3 Fighting
 * Level 7.5 Short Blades
 - Level 4.0 Throwing
 + Level 6.3 Dodging
 + Level 8.2 Stealth


You had 7 spell levels left.
You didn't know any spells.
Your spell library contained the following spells:

 Spells                   Type           Power      Damage    Failure   Level
 Manifold Assault         Tloc           0%         N/A       97%         4
 Dispersal                Tloc           0%         N/A       100%        6
 Disjunction              Tloc           0%         N/A       100%        8


Dungeon Overview and Level Annotations

Branches:
Dungeon (7/15)             Temple (1/1) D:7         Ossuary (visited)

Altars:
Ashenzari
Cheibriados
Dithmenos
Elyvilon
Fedhas
Gozag
Kikubaaqudgha
Makhleb
Nemelex Xobeh
Okawaru
Qazlal
Ru
Sif Muna
Trog
Uskayaw
Vehumet
Wu Jian
Xom
Yredelemnul
Zin
The Shining One

Annotations:
D:6 Dowan, Duvessa


Innate Abilities, Weirdness & Mutations

You are small and have problems with some larger weapons.
You are completely attuned to the shadows.


Message History

Throw: 8 darts (poison)
Press: ? - help, Q - select action, (/) - cycle Shift-Dir - straight line, f/p - komodo dragon
Aim: a komodo dragon (moderately wounded, very poisoned, 72% to hit)
You throw a poisoned dart.
The poisoned dart hits the komodo dragon.
The komodo dragon looks as sick as possible!
The komodo dragon is moderately wounded.
The komodo dragon attacks as you move away!
The komodo dragon misses you.
Things that are here:
a frilled lizard corpse; an iguana corpse You see here an iguana corpse.
The komodo dragon attacks as you move away!
The komodo dragon barely misses you.
The komodo dragon attacks as you move away!
The komodo dragon bites you!!
Throw: 7 darts (poison)
Press: ? - help, Q - select action, (/) - cycle Shift-Dir - straight line, f/p - komodo dragon
Aim: a komodo dragon (moderately wounded, very poisoned, 72% to hit)
You throw a poisoned dart.
The poisoned dart hits the komodo dragon.
The komodo dragon looks as sick as possible!
The komodo dragon is moderately wounded.
The komodo dragon misses you.
Throw: 6 darts (poison)
Press: ? - help, Q - select action, (/) - cycle Shift-Dir - straight line, f/p - komodo dragon
Aim: a komodo dragon (heavily wounded, extremely poisoned, 72% to hit)
You throw a poisoned dart.
The poisoned dart hits the komodo dragon!
The komodo dragon looks as sick as possible!
The komodo dragon is heavily wounded.
The komodo dragon misses you.
The komodo dragon attacks as you move away!
The komodo dragon bites you!!
* * * LOW HITPOINT WARNING * * *
The komodo dragon attacks as you move away!
The komodo dragon misses you.
The komodo dragon attacks as you move away!
The komodo dragon bites you!!
You die...

.. ########### .#
#..†.†..(.# #.#
#.#######.######.# #(#
#............. #.#
#.###.###....# #.# #.#
#.##.....#
#l###.###.###..(.#
###@..... ^.# ##.#..
#......# #.##.
#.....## ## ####†.
#....## #.# ...†..
#.....###.# ...lP.
#......#.# ...(.#
###.##..# ####....#
#.#...####..######
#####........'........


You could see a komodo dragon (extremely poisoned).

Vanquished Creatures
  A steam dragon (D:7)
  2 black bears
  An ogre (D:5)
  A necrophage (D:7)
  A gnoll sergeant (D:6)
  A scorpion (D:6)
  A wight (D:7)
  2 jellies
  3 orc priests
  2 hounds
  A gnoll bouda (D:7)
  Terence (D:3)
  4 iguanas
  An orc wizard (D:7)
  3 mummies (Ossuary)
  Robin (D:3)
  7 gnolls
  8 adders
  A white imp (D:7)
  An ufetubus (D:4)
  A worm (D:4)
  5 dart slugs
  20 orcs
  7 ball pythons
  5 bats
  8 endoplasms
  5 giant cockroaches
  11 hobgoblins
  3 quokkas
  14 frilled lizards
  22 goblins
  8 kobolds
  2 rats (D:3)
  A spectral kobold (D:3)
155 creatures vanquished.

Vanquished Creatures (others)
  8 plants (D:7)
8 creatures vanquished.

Grand Total: 163 creatures vanquished

Notes
Turn   | Place    | Note
-------+----------+-------------------------------------------
     0 | D:1      | Farfigtubin the Kobold Brigand began the quest for the Orb.
     0 | D:1      | Reached XP level 1. HP: 12/12 MP: 1/1
   105 | D:1      | Reached XP level 2. HP: 18/18 MP: 2/2
   324 | D:1      | Reached XP level 3. HP: 22/22 MP: 3/3
   788 | D:2      | Reached XP level 4. HP: 27/27 MP: 4/4
  1877 | D:3      | Noticed Terence
  1880 | D:3      | Killed Terence
  1881 | D:3      | Reached skill level 6 in Stealth
  1881 | D:3      | Reached XP level 5. HP: 32/32 MP: 5/5
  2223 | D:3      | Noticed Robin
  2348 | D:3      | Killed Robin
  3033 | D:3      | Found a faded altar of an unknown god.
  3309 | D:4      | Found a sand-covered staircase.
  3315 | Ossuary  | Entered an ossuary
  3385 | Ossuary  | Reached XP level 6. HP: 21/37 MP: 6/6
  4009 | D:5      | Entered Level 5 of the Dungeon
  4017 | D:5      | Noticed a black bear
  4112 | D:5      | Killed a black bear
  4307 | D:5      | Reached XP level 7. HP: 34/42 MP: 7/7
  4640 | D:4      | Reached skill level 5 in Dodging
  4796 | D:5      | Found an ornate altar of the Wu Jian Council.
  4933 | D:4      | Reached skill level 5 in Short Blades
  4971 | D:4      | Reached skill level 7 in Stealth
  5131 | D:5      | Reached XP level 8. HP: 48/48 MP: 8/8
  5393 | D:6      | Noticed Dowan
  5393 | D:6      | Noticed Duvessa
  6197 | D:7      | Found a staircase to the Ecumenical Temple.
  6250 | Temple   | Entered the Ecumenical Temple
  6420 | Temple   | Became a worshipper of Dithmenos the Shadowed
  6698 | D:7      | Reached skill level 5 in Fighting
  6737 | D:7      | Found a radiant altar of Vehumet.
  6838 | D:7      | Found a snail-covered altar of Cheibriados.
  6841 | D:7      | Reached skill level 8 in Stealth
  6842 | D:7      | Found a shimmering altar of Xom.
  6845 | D:7      | Found an opulent altar of Gozag.
  6849 | D:7      | Found a glowing golden altar of the Shining One.
  6853 | D:7      | Found a white marble altar of Elyvilon.
  6856 | D:7      | Found a stormy altar of Qazlal.
  7195 | D:7      | Identified the +3 dagger of Ravage {elec, rC+ rN++ MP-9
                  | Int+2}
  7370 | D:7      | Noticed a komodo dragon
  7399 | D:7      | Demolished by a komodo dragon

Illustrated notes

Levels and vault maps discovered:
D:1:      roderic_chinese_lattice_arrival, layout_basic
D:2:      layout_loops_corners
D:3:      layout_basic, dreamdust_ecumenical_altar_drowned_temple, uniq_robin,
          uniq_terence
D:4:      layout_loops_ring, nicolae_ossuary_entry_monument
D:5:      cheibrodos_quashed, layout_cave_pools, mainiacjoe_overflow_24_doors,
          minmay_ogre_servants
D:6:      layout_gridville, uniq_duvessa
D:7:      layout_loops_corners, vehumet_altar_wand_db,
          nicolae_overflow_hallway_of_the_gods,
          minmay_temple_entry_proselytizer, minmay_lizard_king
Temple:   dshaligram_water_room_temple

Skill      XL: |  1  2  3  4  5  6  7  8 |
---------------+-------------------------+-----
Short Blades   | 3 4 5 7 |  7.5
Dodging        | 2 3 4 5 6 |  6.3
Throwing       | 3 4 |  4.0
Fighting       | 3 4 5 |  5.3
Stealth        | 6 7 8 |  8.2

Action                     |  1- 3 |  4- 6 |  7- 9 || total
---------------------------+-------+-------+-------++-------
  Melee: Dagger            |    45 |   225 |   202 ||   472
         Punch             |     1 |     2 |     1 ||     4
  Throw: Dart              |     6 |    30 |    64 ||   100
   Stab: Sleeping          |    17 |    27 |    16 ||    60
         Distracted        |       |     2 |       ||     2
 Armour: Robe              |     2 |    32 |    38 ||    72
  Dodge: Dodged            |    18 |   112 |   157 ||   287

Table legend: (Time is in decaauts)
 A = Elapsed time spent in this place.
 B = Non-inter-level travel time spent in this place.
 C = Inter-level travel time spent in this place.
 D = Time resting spent in this place.
 E = Time spent auto-exploring this place.
 F = Levels seen in this place.
 G = Mean time per level.
                   A        B        C        D        E       F      G
               +--------+--------+--------+--------+--------+-----+--------+
         Total |   7131 |   7066 |     65 |    554 |    659 |   9 |  792.3 |
       Dungeon |   6675 |   6632 |     43 |    448 |    446 |   7 |  953.6 |
        Temple |    362 |    340 |     22 |    106 |    213 |   1 |  362.0 |
       Ossuary |     93 |     93 |      0 |      0 |      0 |   1 |   93.0 |
               +--------+--------+--------+--------+--------+-----+--------+

Top non-repeatable levels by time:
     D:3: 1446 daAuts
     D:5: 963 daAuts
     D:2: 899 daAuts
     D:4: 895 daAuts
     D:6: 877 daAuts
     D:7: 876 daAuts
     D:1: 716 daAuts
  Temple: 362 daAuts
 Ossuary: 93 daAuts
